 Dungeon Crawl Stone Soup version 0.26.0-16-gc1dbca0489 (webtiles) character file.

Game seed: 13658105259680772193

79 flappity the Shield-Bearer (level 4, -6/32 HPs)
             Began as an Octopode Fighter on Jan 21, 2021.
             Was an Initiate of Qazlal.
             Killed from afar by Ijyb (12 damage)
             ... with a puff of flame
             ... on level 2 of the Dungeon.
             The game lasted 00:03:18 (2190 turns).

flappity the Shield-Bearer (Octopode Fighter)       Turns: 2190, Time: 00:03:19

Health: -6/32      AC:  1    Str: 15    XL:     4   Next: 37%
Magic:  4/4        EV: 12    Int: 10    God:    Qazlal [......]
Gold:   28         SH: 10    Dex: 12    Spells: 3/3 levels left

rFire    . . .     SeeInvis .   a - +0 war axe
rCold    . . .     Faith    .   b - +1 kite shield
rNeg     . . .     Spirit   .   (helmet restricted)
rPois    .         Reflect  .   (no amulet)
rElec    .         Harm     .   i - ring of willpower
rCorr    .         Rampage  .   (no ring)
Will     +....                  (no ring)
Stlth    ++........             (no ring)
HPRegen  0.10/turn              (no ring)
MPRegen  0.09/turn              (no ring)
                                (no ring)
                                (no ring)

@: no status effects
A: almost no armour, stealthy swim, amphibious, 8 rings, constrict 8, camouflage
1, gelatinous body 1
a: Renounce Religion


You were on level 2 of the Dungeon.
You worshipped Qazlal.
Qazlal was noncommittal.
You visited 1 branch of the dungeon, and saw 3 of its levels.

You collected 28 gold pieces.


Innate Abilities, Weirdness & Mutations

You cannot wear most types of armour.
You are very stealthy in the water. (Stealth+)
You are amphibious.
You can wear up to eight rings at the same time.
You can use your tentacles to constrict eight enemies at once.
Your skin changes colour to match your surroundings (Stealth+).
Your rubbery body absorbs attacks. (AC +1, EV +1)


   Skills:
 + Level 3.6 Fighting
 + Level 2.8 Axes
 + Level 3.5 Dodging
 + Level 3.6 Shields


You had 3 spell levels left.
You didn't know any spells.
Your spell library was empty.

Inventory:

Hand Weapons
 a - a +0 war axe (weapon)
Armour
 b - a +1 kite shield (worn)
Jewellery
 i - a ring of willpower (left tentacle)
Scrolls
 g - a scroll of teleportation
 h - a scroll of remove curse
 l - a scroll of enchant armour
 o - a scroll of amnesia
Potions
 c - a potion of might
 d - 4 potions of haste
 e - a potion of ambrosia {unknown}
 k - a potion of resistance {unknown}
 m - 3 potions of curing {unknown}
 n - a potion of flight {unknown}


Message History

You block the orc priest's attack.
There is a stone staircase leading up here.
You block the goblin's attack. The orc priest barely misses you.
You climb upwards.
There is a stone staircase leading down here.
You closely miss the goblin. You squeeze the goblin.
You kill the goblin!
Qazlal accepts your kill.
Things that are here:
a +0 dagger; a goblin corpse
There is a stone staircase leading down here.
You start resting.
HP restored.
You climb downwards.
You hear the sound of rushing water.
There is an entrance to a sewer on this level.
Hurry and find it before the portal rusts away!
Level annotation: Ijyb, Robin You hear the rusting of a distant drain. 2 goblins come into view.
Robin throws Ijyb at you! You block the kobold's attack.
Ijyb zaps a wand.
The puff of flame hits you. The orc priest barely misses you.
The kobold hits you but does no damage.
There is a stone staircase leading up here.
You take 6 damage.
Ijyb zaps a wand.
The puff of flame hits you!
Robin roars a battlecry!
The goblins go into a battle-frenzy!
The orc priest hits you from afar with a +0 trident.
The kobold barely misses you.
You climb upwards.
There is a stone staircase leading down here.
You take 11 damage.
You are too injured to fight recklessly!
You are too injured to fight recklessly!
You are too injured to fight recklessly!
You are too injured to fight recklessly!
You hit Ijyb but do no damage. You grab Ijyb. You hit the kobold.
You constrict Ijyb.
Ijyb zaps a wand.
The puff of flame misses you.
The puff of flame hits the kobold!
The kobold dies!
Ijyb zaps a wand.
The puff of flame hits you!
You take 10 damage.
You hit Ijyb but do no damage. You squeeze Ijyb!
Ijyb is heavily wounded.
You constrict Ijyb.
Ijyb zaps a wand.
The puff of flame misses you.
You hit Ijyb.
Ijyb is severely wounded.
You constrict Ijyb, but do no damage.
Ijyb zaps a wand.
The puff of flame hits you!
You die...

▒▒▒▒▒▒▒▒▒▒▒
▒▒▒▒▒▒▒▒∙∙∙∙∙gx)∙▒
▒▒▒∙∙∙∙∙∙∙∙▒▒▒▒▒▒▒∙▒▒▒
∙∙∙∙▒▒▒▒▒▒▒▒ ▒∙∙(∙∙▒
▒▒∙∙▒ ▒▒▒▒▒▒∙▒▒▒∙▒▒▒
▒∙∙▒ ▒▒▒▒∙∙∙∙∙∙▒ ▒∙∙∙▒
▒∙∙▒
▒▒∙▒▒∙▒▒▒▒∙▒▒▒∙▒∙▒
▒▒∙∙▒▒▒∙▒∙▒∙▒
▒∙∙∙∙∙▒∙▒
∙∙∙∙∙∙∙▒▒▒∙∙▒
▒▒▒∙∙∙▒∙▒
∙<∙∙∙∙∙∙▒∙▒▒▒ ▒▒▒∙▒∙▒


You could see Ijyb (strong).

Vanquished Creatures
  A worker ant (D:2)
  An adder (D:2)
  A leopard gecko (D:2)
  3 orcs (D:3)
  A ball python (D:1)
  2 giant cockroaches
  4 goblins
  6 hobgoblins
  10 kobolds
  4 bats
  6 rats
39 creatures vanquished.

Vanquished Creatures (others)
  A kobold (D:2)
1 creature vanquished.

Grand Total: 40 creatures vanquished

Notes
Turn   | Place    | Note
-------+----------+-------------------------------------------
     0 | D:1      | flappity the Octopode Fighter began the quest for the Orb.
     0 | D:1      | Reached XP level 1. HP: 16/16 MP: 1/1
    94 | D:1      | Reached XP level 2. HP: 19/21 MP: 2/2
   264 | D:1      | HP: 4/21 [kobold/+0 short sword (3)]
  1094 | D:2      | Found a blossoming altar of Fedhas.
  1100 | D:2      | Found a sacrificial altar of Ru.
  1107 | D:2      | Found a stormy altar of Qazlal.
  1108 | D:2      | Found an opulent altar of Gozag.
  1108 | D:2      | Found a white marble altar of Elyvilon.
  1108 | D:2      | Found a basalt altar of Yredelemnul.
  1108 | D:2      | Found a bloodstained altar of Trog.
  1111 | D:2      | Found a shadowy altar of Dithmenos.
  1116 | D:2      | Became a worshipper of Qazlal Stormbringer
  1121 | D:2      | Found a broken altar of Ashenzari.
  1207 | D:2      | HP: 6/21 [poisoned by an adder]
  1208 | D:2      | Reached XP level 3. HP: 8/26 MP: 3/3
  1212 | D:2      | HP: 6/26 [poisoned by an adder]
  1220 | D:2      | HP: 5/26 [poisoned by an adder]
  1726 | D:2      | Reached XP level 4. HP: 21/31 MP: 4/4
  2050 | D:3      | Noticed Ijyb
  2052 | D:3      | Noticed Robin
  2188 | D:2      | HP: 5/32 [Ijyb/puff of flame (10)]
  2190 | D:2      | Killed from afar by Ijyb

Levels and vault maps discovered:
D:1:      ncdulo_lavacross, layout_rooms, amcnicky_mini_rare_corridor_liquid,
          kennysheep_small_spiral, minivault_27
D:2:      layout_loops_ring, minitemple
D:3:      layout_rooms, lightli_sewer_entry_pipes, minmay_liquid_box,
          minmay_ruptured, uniq_robin, uniq_ijyb

Action                   |  1- 3 |  4- 6 || total
-------------------------+-------+-------++-------
Melee: War axe           |    57 |    15 ||    72
       Constrict         |    13 |     6 ||    19
       Tentacles         |     9 |     4 ||    13
  Use: Scroll            |       |     7 ||     7
 Stab: Sleeping          |     3 |     4 ||     7
Armor: Skin              |     4 |     1 ||     5
Dodge: Dodged            |    29 |     9 ||    38
Block: Kite shield       |    26 |     6 ||    32
